 Dungeon Crawl Stone Soup version 0.24-a0-235-g3f03afcf10 (webtiles) character file.

Game seed: 3922578328813712948

118 Redear the Gusty (level 5, 0/28 HPs)
             Began as a Tengu Air Elementalist on Apr 7, 2019.
             Slain by Purgy (6 damage)
             ... in a sewer on Apr 8, 2019.
             The game lasted 00:13:38 (1070 turns).

Redear the Gusty (Tengu Air Elementalist)           Turns: 1070, Time: 00:13:38

Health: 0/28       AC:  2    Str:  9    XL:     5   Next: 2%
Magic:  9/9        EV: 13    Int: 15    God:
Gold:   160        SH:  0    Dex: 15    Spells: 5/8 levels left

rFire    . . .     SeeInvis .   (no weapon)
rCold    . . .     Gourm    .   (no shield)
rNeg     . . .     Faith    .   a - +0 robe
rPois    .         Spirit   .   (helmet restricted)
rElec    .         Reflect  .   (no cloak)
rCorr    .         Harm     .   (no gloves)
MR       .....                  (boots unavailable)
Stlth    +.........             (no amulet)
HPRegen  0.09/turn              (no ring)
MPRegen  0.11/turn              (no ring)

@: very slow
A: beak, talons 3, able to fly
a: Fly


You were in a sewer.
You were not hungry.

You visited 1 branch of the dungeon, and saw 3 of its levels.
You also visited: Sewer.

You collected 160 gold pieces.

Inventory:

Hand Weapons
 j - a +0 short sword
Armour
 a - a +0 robe (worn)
Jewellery
 e - an uncursed ring of see invisible {unknown}
Scrolls
 b - a scroll of immolation {unknown}
 i - 2 scrolls of identify {unknown}
Potions
 c - 3 potions of lignification {unknown}
 d - a potion of cancellation {unknown}
 f - a potion of haste {unknown}
 g - a potion of resistance {unknown}
 h - a potion of heal wounds {unknown}
 k - a potion of ambrosia {unknown}
Comestibles
 l - 7 chunks of flesh
 z - 3 rations


   Skills:
 - Level 2.1 Dodging
 + Level 3.5 Stealth
 - Level 2.0 Spellcasting
 + Level 3.5 Conjurations
 + Level 5.3 Air Magic


You had 5 spell levels left.
You knew the following spells:

 Your Spells              Type           Power        Failure   Level  Hunger
a - Shock                 Conj/Air       ##..         3%          1    #......
b - Swiftness             Chrm/Air       #.......     11%         2    ###....

Your spell library contained the following spells:

 Spells                   Type           Power        Failure   Level  Hunger
 Static Discharge         Conj/Air       ##......     11%         3    ###....
 Airstrike                Air            ###.......   24%         4    #####..
 Lightning Bolt           Conj/Air       ##........   69%         5    ######.


Dungeon Overview and Level Annotations

Branches:
Dungeon (3/15)

Altars:
Gozag
Okawaru

Annotations:
Sewer Purgy


Innate Abilities, Weirdness & Mutations

You have a beak for a mouth.
You have claws for feet.
You can fly continuously.


Message History

Purgy bites you!
* * * LOW HITPOINT WARNING * * *
Purgy barely misses you. Purgy claws you.
* * * LOW HITPOINT WARNING * * *
You take 10 damage, and have 6/28 hp.
MASSIVE DAMAGE!!
Casting: Shock (safe; 3% risk of failure)
Confirm with . or Enter, or press ? or * to list all spells.
Aiming: Shock (safe; 3% risk of failure)
Press: ? - help, Shift-Dir - straight line, f - Purgy
Aim: Purgy
Okay, then.
You aren't carrying any items that you can evoke.
Unknown command.
You enter the shallow water.
Moving in this stuff is going to be slow.
Why would you want to do that?
Unknown command.
Okay, then.
Purgy bites you.
You die...

######### #∩##.##[#
#.##.##.#
#+##+##.##'##'##+#
.................#
≈≈≈≈≈≈≈.≈@T≈≈≈≈≈≈#≈≈≈
≈≈≈≈≈≈≈∩≈≈≈≈≈≈≈≈≈#≈≈≈
≈≈≈≈≈≈≈.≈≈≈≈≈≈≈≈≈#≈≈≈
.................####
#+##+##+##+##+##+#


You could see Purgy.

Vanquished Creatures
  4 river rats (D:3)
  4 adders
  3 worms
  2 ball pythons (D:3)
  4 giant cockroaches
  3 goblins
  4 hobgoblins
  6 bats
  2 frilled lizards
  4 kobolds
  5 rats
41 creatures vanquished.

Notes
Turn   | Place    | Note
-------+----------+-------------------------------------------
     0 | D:1      | Redear the Tengu Air Elementalist began the quest for the
                  | Orb.
     0 | D:1      | Reached XP level 1. HP: 10/10 MP: 4/4
   117 | D:1      | Reached XP level 2. HP: 9/15 MP: 4/6
   130 | D:1      | Reached skill level 2 in Conjurations
   247 | D:2      | Found an iron altar of Okawaru.
   533 | D:1      | Reached XP level 3. HP: 10/19 MP: 3/7
   687 | D:2      | Found an opulent altar of Gozag.
   742 | D:3      | Reached skill level 3 in Stealth
   742 | D:3      | Reached skill level 3 in Conjurations
   742 | D:3      | Reached XP level 4. HP: 8/24 MP: 2/8
   770 | D:3      | Reached skill level 5 in Air Magic
   796 | D:3      | Learned a level 2 spell: Swiftness
   959 | D:3      | Found a glowing drain.
   977 | D:3      | Gained mutation: You can fly continuously. [Tengu growth]
   977 | D:3      | Reached XP level 5. HP: 8/28 MP: 0/9
   994 | Sewer    | Entered a sewer
  1066 | Sewer    | Noticed Purgy
  1070 | Sewer    | Slain by Purgy

Levels and vault maps discovered:
D:1:      minmay_arrival_solitary_statue, layout_loops_corners, serial_glass,
          glass_columns_b, glass_columns_c, minmay_pentomino_v2
D:2:      layout_loops_ring, nicolae_gozag_cash_rules_everything_around_me,
          old_standard_altar, grunt_temple_overflow_order_and_chaos_2
D:3:      layout_loops_ring, grunt_dithmenos_smoke, portal_sewer_entry_e,
          ebering_ghost_sewer_f, lemuel_statue_altar
Sewer:    kennysheep_door_sewer

Skill      XL: |  1  2  3  4 |
---------------+-------------+-----
Conjurations   | 2 3 |  3.5
Stealth        | 3 |  3.5
Air Magic      | 5 |  5.3
Dodging        | |  2.1
Spellcasting   | |  2.0

Action                   |  1- 3 |  4- 6 || total
-------------------------+-------+-------++-------
Melee: Unarmed           |    20 |     5 ||    25
       Kick              |     3 |     1 ||     4
 Cast: Shock             |    53 |    27 ||    80
 Stab: Sleeping          |       |     1 ||     1
  Eat: Chunk             |       |     2 ||     2
Armor: Robe              |    14 |     6 ||    20
Dodge: Dodged            |    45 |    13 ||    58

Table legend:
 A = Non-vault XP
 B = Vault XP
 C = Vault XP percentage of total XP
 D = Non-vault monster count
 E = Vault monster count
 F = Vault count percentage of total count
                 A         B        C        D         E       F
            +---------+---------+-------+---------+---------+-------
      Total |     109 |      60 |  35.5 |      33 |       8 |  19.5
            +---------+---------+-------+---------+---------+-------
        D:1 |      23 |       0 |   0.0 |      15 |       0 |   0.0
        D:2 |      47 |       0 |   0.0 |      10 |       0 |   0.0
        D:3 |      39 |      60 |  60.6 |       8 |       8 |  50.0
            +---------+---------+-------+---------+---------+-------
